 Dungeon Crawl Stone Soup version bcrawl-1.19.2-6-g6a88ae04c9 (webtiles) character file.

Game seed: 13417374532263113391

149 Mrkan the Skirmisher (level 5, -3/47 HPs)
             Began as a Minotaur Fighter on Jan 1, 2020.
             Killed by divine providence
             ... invoked by an orc priest
              (13 damage)
             ... on level 4 of the Dungeon.
             The game lasted 00:02:29 (1394 turns).

Mrkan the Skirmisher (Minotaur Fighter)             Turns: 1394, Time: 00:02:30

Health: -3/47      AC:  7    Str: 21    XL:     5   Next: 9%
Magic:  4/4        EV:  7    Int:  5    God:
Gold:   170        SH:  9    Dex: 10    Spells: 4/4 levels left

rFire    . . .     SeeInvis .   a - +0 war axe
rCold    . . .     Gourm    .   c - +0 shield
rNeg     . . .     Faith    .   b - +0 scale mail
rPois    .         Spirit   .   (helmet restricted)
rElec    .         Reflect  .   (no cloak)
rCorr    .         Harm     .   (no gloves)
MR       .....                  (no boots)
Stlth    ..........             (no amulet)
HPRegen  0.15/turn              (no ring)
MPRegen  0.09/turn              (no ring)

@: no status effects
A: retaliatory headbutt, horns 2
a: no special abilities


You were on level 4 of the Dungeon.
You were not hungry.

You visited 1 branch of the dungeon, and saw 4 of its levels.

You collected 170 gold pieces.

Inventory:

Hand Weapons
 a - a +0 war axe (weapon)
Missiles
 k - 160 javelins (quivered)
Armour
 b - a +0 scale mail (worn)
 c - a +0 shield (worn)
 l - a scarf of stasis
Jewellery
 i - an uncursed ring of wizardry {unknown}
 n - a cursed -3 ring of intelligence {unknown}
Scrolls
 e - 2 scrolls of teleportation {unknown}
 g - 2 scrolls of magic mapping {unknown}
 j - a scroll of enchant weapon {unknown}
 m - 3 scrolls of identify {unknown}
 o - a scroll of noise {unknown}
 p - a scroll of enchant armour {unknown}
Potions
 d - a potion of might
 h - 2 potions of flight {unknown}
Comestibles
 f - 6 rations {!d}
 q - 4 chunks of flesh


   Skills:
 + Level 4.5 Fighting
 * Level 4.5 Axes
 + Level 4.4 Armour
 + Level 4.5 Shields


You had 4 spell levels left.
You didn't know any spells.
Your spell library was empty.

Dungeon Overview and Level Annotations

Branches:
Dungeon (4/12)
 Temple: D:4-7

Altars:
Kikubaaqudgha

Shops:
D:4 (=


Innate Abilities, Weirdness & Mutations

You reflexively headbutt those who attack you in melee.
You have a pair of horns on your head.


Message History

The adder bites you but does no damage.
You closely miss the adder.
The adder is severely wounded.
You barely miss the orc. You block the adder's attack.
The orc hits you but does no damage.
The orc warrior hits you from afar with a +0 halberd.
You closely miss the adder. Your headbutt misses the adder.
The adder is severely wounded.
Your shield prevents you from hitting the orc.
The adder bites you but does no damage. You block the orc's attack.
You block the adder's attack.
The orc warrior hits you from afar with a +0 halberd.
* * * LOW HITPOINT WARNING * * *
You hit the adder.
You kill the adder!
You hit the orc. The orc hits you with a +0 hand axe.
* * * LOW HITPOINT WARNING * * *
The orc priest calls down the wrath of Beogh upon you.
Beogh smites you!
You die...

#...............
#...............
#....∩.......... .
##.............####.#
##..........^##....∩
######.######......
#.# ...?...
#.#####.......
#.##.@oo......
#.##$##o.....? #....#
....... #(..##
#...... ##### ..>...
...... ..o.. .....


You could see an orc warrior, an orc priest and an orc.

Vanquished Creatures
  An orc wizard (D:4)
  6 adders
  An ooze (D:2)
  2 worms
  2 dart slugs (D:1)
  A leopard gecko (D:3)
  An orc (D:3)
  3 giant cockroaches (D:1)
  5 goblins
  3 hobgoblins
  A jackal (D:2)
  A ball python (D:1)
  7 bats
  6 frilled lizards
  11 kobolds
  A leopard gecko skeleton (D:2)
  9 rats (D:1)
61 creatures vanquished.

Notes
Turn   | Place    | Note
-------+----------+-------------------------------------------
     0 | D:1      | Mrkan the Minotaur Fighter began the quest for the Orb.
     0 | D:1      | Reached XP level 1. HP: 19/19 MP: 0/0
   115 | D:1      | Reached XP level 2. HP: 27/27 MP: 1/1
   307 | D:1      | Reached XP level 3. HP: 31/33 MP: 2/2
   569 | D:2      | Found an ancient bone altar of Kikubaaqudgha.
   885 | D:2      | Reached XP level 4. HP: 34/40 MP: 3/3
  1367 | D:4      | Found Maotaogi's Antique Weapon Emporium.
  1383 | D:4      | Noticed an orc warrior
  1384 | D:4      | Found Vomoth's Jewellery Shop.
  1391 | D:4      | Reached XP level 5. HP: 36/47 MP: 4/4
  1394 | D:4      | Killed from afar by an orc priest

Skill      XL: |  1  2  3  4 |
---------------+-------------+-----
Axes           | 3 4 |  4.5
Shields        | 4 |  4.5
Armour         | 4 |  4.4
Fighting       | 4 |  4.5

Action                   |  1- 3 |  4- 6 || total
-------------------------+-------+-------++-------
Melee: War axe           |    75 |    25 ||   100
       Headbutt          |    10 |     3 ||    13
  Eat: Chunk             |       |     2 ||     2
Armor: Scale mail        |    57 |    15 ||    72
Dodge: Dodged            |    27 |    17 ||    44
Block: Shield            |    46 |    20 ||    66
